 Dungeon Crawl Stone Soup version 0.26-a0-180-ge96aa7da28 (webtiles) character file.

Game seed: 4327965447264573422

272 MalarOregon the Conjurer (level 6, -26/76 HPs)
             Began as a Draconian Conjurer on July 3, 2020.
             Was a Follower of Makhleb.
             Annihilated by an ogre
             ... wielding a +0 giant club
              (28 damage)
             ... on level 3 of the Dungeon.
             The game lasted 00:09:39 (4522 turns).

MalarOregon the Conjurer (Draconian Conjurer)       Turns: 4522, Time: 00:09:39

Health: -26/76     AC:  6    Str: 10    XL:     6   Next: 2%
Magic:  4/10       EV: 13    Int: 18    God:    Makhleb [*.....]
Gold:   135        SH:  0    Dex: 11    Spells: 6/11 levels left

rFire    . . .     SeeInvis .   m - +1 dagger (venom)
rCold    . . .     Faith    .   (no shield)
rNeg     . . .     Spirit   .   (armour unavailable)
rPois    .         Reflect  .   (helmet restricted)
rElec    .         Harm     +   f - scarf {harm}
rCorr    .                      (no gloves)
MR       .....                  (no boots)
Stlth    ..........             (no amulet)
HPRegen  0.22/turn              h - ring of wizardry
MPRegen  0.12/turn              (no ring)

@: berserking, very quick
A: unfitting armour, cold-blooded, AC +6
a: Renounce Religion


You were on level 3 of the Dungeon.
You worshipped Makhleb.
Makhleb was aware of your devotion.
You were hungry.

You visited 1 branch of the dungeon, and saw 4 of its levels.

You collected 135 gold pieces.

Inventory:

Hand Weapons
 l - a +0 dagger of speed
   (You found it on level 3 of the Dungeon)
 m - a +1 dagger of venom (weapon)
   (You took it off a goblin on level 3 of the Dungeon)
 p - a +0 dagger of holy wrath
   (You took it off Ijyb on level 3 of the Dungeon)
Armour
 f - a scarf of harm (worn)
   (You found it on level 3 of the Dungeon)
Jewellery
 h - a ring of wizardry (left hand)
   (You found it on level 2 of the Dungeon)
 k - an uncursed amulet of magic regeneration
   (You took it off a hobgoblin on level 3 of the Dungeon)
Wands
 t - a wand of flame (21)
   (You took it off Ijyb on level 3 of the Dungeon)
 v - a wand of digging (5)
   (You took it off Robin on level 3 of the Dungeon)
Scrolls
 c - 3 scrolls of enchant weapon {unknown}
 j - a scroll of identify {unknown}
 n - 2 scrolls of enchant armour {unknown}
Potions
 b - a potion of flight {unknown}
 d - a potion of mutation {unknown}
 g - a potion of might {unknown}
 i - 2 potions of stabbing {unknown}
 o - 2 potions of lignification {unknown}
Comestibles
 e - 4 rations {!d}


   Skills:
 + Level 3.0 Fighting
 + Level 3.2 Dodging
 - Level 1.7 Stealth
 + Level 3.3 Spellcasting
 + Level 5.0 Conjurations
 + Level 0.2 Hexes


You had 6 spell levels left.
You knew the following spells:

 Your Spells              Type           Power        Failure   Level  Hunger
a - Magic Dart            Conj           ###.         1%          1    None
z - Fulminant Prism       Conj/Hex       ##........   21%         4    ####...

Your spell library contained the following spells:

 Spells                   Type           Power        Failure   Level  Hunger
 Searing Ray              Conj           ###...       1%          2    ##.....
 Dazzling Flash           Conj/Hex       ##....       6%          3    ###....
 Iskenderun's Mystic Bla  Conj/Tloc      ##......     22%         4    ####...


Dungeon Overview and Level Annotations

Branches:
Dungeon (4/15)
 Temple: D:4-7

Altars:
Fedhas
Makhleb
Nemelex Xobeh
Xom

Annotations:
D:3 3 runed translucent doors, Glokmah's ghost, amateur DrIE; Restia's ghost, amateur FoFi
D:4 Dowan; Duvessa


Innate Abilities, Weirdness & Mutations

Your plain brown scales are hard. (AC +6)
You cannot fit into any form of body armour.
You are cold-blooded and may be slowed by cold attacks.


Message History

You can't see any susceptible monsters within range! (Use Z to cast anyway.) Unknown command.
Natasha, Servant of Life and Death comes into view.
She is carrying a wand of random effects (16).
Aim: Natasha, carrying a wand of random effects (16) (wandering, hasn't noticed you)
The magic dart hits Natasha.
Natasha casts a spell at you. You resist with some effort.
Aim: Natasha, carrying a wand of random effects (16) (moderately wounded)
The magic dart hits Natasha.
Natasha casts a spell at you. The magic dart hits you.
Aim: Natasha, carrying a wand of random effects (16) (heavily wounded)
The magic dart hits Natasha.
Natasha mumbles some strange words.
You feel troubled.
Aim: Natasha, carrying a wand of random effects (16) (almost dead)
The magic dart hits Natasha but does no damage.
Aim: Natasha, carrying a wand of random effects (16) (almost dead)
The magic dart hits Natasha.
Natasha mewls in sadness.
Natasha stares at you and mumbles some strange words.
You feel yourself slow down.
Aim: Natasha, carrying a wand of random effects (16) (almost dead)
The magic dart hits Natasha.
You kill Natasha!
Makhleb accepts your kill.
Natasha growls in agony!
Your Fighting skill increases to level 3!
Your Conjurations skill increases to level 5!
You have reached level 6!
Your experience leads to an increase in your attributes!
Increase (S)trength, (I)ntelligence, or (D)exterity?
You feel stronger.
Your scales feel tougher.
The ogre barely misses you.
There is a stone staircase leading up, spattered with blood here.
The ogre misses you.
You climb upwards.
Level annotation: 3 runed translucent doors, Glokmah's ghost, amateur DrIE; Restia's ghost, amateur FoFi
There is a stone staircase leading down here.
The ogre hits you with a +0 giant club!
You hit the ogre.
The ogre is poisoned.
The ogre barely misses you. The ogre closely misses you.
The ogre hits you with a +0 giant club!!
Ouch! That really hurt!
* * * LOW HITPOINT WARNING * * *
A red film seems to cover your vision as you go berserk!
You feel yourself moving faster!
You feel mighty!
You feel yourself speed up.
The ogre hits you with a +0 giant club!!
You die...

...................)).)....#
###...####################.#
......'.................##.#
###...####..###########.##.#
#...# ##.##### #.##.# #####
#.....# #.##.# #### #.P.P.#
#.##.#
...########.)_..#######)##.#
...'........P.P.@O...>#.##.#
...#######......#####.#.##.#
...# ######## #.#)##.# .###
#.#.##.# .# #.#.##.# .#
#.#.##.# .# #.#.##(# .#
##### #.#....## .# #...#
#.......#


You could see an ogre (poisoned).

Vanquished Creatures
  2 hounds (D:4)
  Natasha (twice) (D:4)
  Ijyb (D:3)
  Robin (D:3)
  3 adders
  4 worms (D:3)
  2 dart slugs (D:3)
  3 leopard geckos
  2 orcs
  3 giant cockroaches
  17 goblins
  8 hobgoblins
  9 jackals
  A quokka (D:3)
  5 bats
  4 frilled lizards
  7 kobolds
  6 rats
80 creatures vanquished.

Notes
Turn   | Place    | Note
-------+----------+-------------------------------------------
     0 | D:1      | MalarOregon the Draconian Conjurer began the quest for the
                  | Orb.
     0 | D:1      | Reached XP level 1. HP: 14/14 MP: 3/3
   405 | D:1      | Reached XP level 2. HP: 22/22 MP: 3/5
   552 | D:1      | Reached skill level 1 in Fighting
  1164 | D:1      | Reached XP level 3. HP: 28/28 MP: 4/6
  1935 | D:2      | Found a sparkling altar of Nemelex Xobeh.
  1941 | D:2      | Found a burning altar of Makhleb.
  1946 | D:2      | Became a worshipper of Makhleb the Destroyer
  2219 | D:3      | Found a shimmering altar of Xom.
  2420 | D:3      | Reached XP level 4. HP: 34/36 MP: 2/7
  2649 | D:3      | Noticed Ijyb
  3002 | D:3      | Found a blossoming altar of Fedhas.
  3286 | D:3      | Found a runed translucent gate.
  3287 | D:3      | Found a runed translucent gate.
  3287 | D:3      | Found a runed translucent gate.
  3288 | D:3      | Noticed Restia's ghost (amateur FoFi)
  3289 | D:3      | Noticed Glokmah's ghost (amateur DrIE)
  3533 | D:3      | Killed Ijyb
  3533 | D:3      | Reached XP level 5. HP: 12/42 MP: 6/9
  3867 | D:3      | Reached * piety under Makhleb
  3873 | D:3      | Noticed Robin
  3883 | D:3      | Killed Robin
  4036 | D:4      | Noticed Duvessa
  4113 | D:4      | Noticed Dowan
  4202 | D:4      | Noticed Natasha
  4206 | D:4      | Killed Natasha
  4399 | D:4      | Noticed an ogre
  4492 | D:4      | Learned a level 4 spell: Fulminant Prism
  4503 | D:4      | Noticed Natasha
  4509 | D:4      | Killed Natasha
  4509 | D:4      | Reached skill level 5 in Conjurations
  4509 | D:4      | Reached XP level 6. HP: 44/51 MP: 1/10
  4521 | D:3      | HP: 1/51 [ogre/+0 giant club (33)]
  4522 | D:3      | Annihilated by an ogre

Illustrated notes

Levels and vault maps discovered:
D:1:      dpeg_arrival_pond, layout_basic, chequers_serial_rivers_room_a,
          minmay_hexomino_f4
D:2:      layout_basic, lemuel_doored_altar, nemelex_xobeh_ov_fountains_minmay,
          minmay_tripent
D:3:      layout_basic, lemuel_round_altar, gammafunk_ghost_cemetery,
          fedhas_altar_1, uniq_ijyb, uniq_robin
D:4:      layout_rooms, serial_shops, nicolae_shop_trees, minmay_misc_feat_rows,
          kennysheep_okawaru_gauntlet, uniq_duvessa, uniq_natasha, uniq_sigmund,
          uniq_crazy_yiuf_cottage

Skill      XL: |  1  2  3  4  5 |
---------------+----------------+-----
Dodging        | 2 3 |  3.2
Fighting       | 1 2 3 |  3.0
Spellcasting   | 3 |  3.3
Conjurations   | 5 |  5.0
Stealth        | |  1.7
Hexes          | |  0.2

Action                   |  1- 3 |  4- 6 || total
-------------------------+-------+-------++-------
Melee: Unarmed           |     5 |       ||     5
       Dagger            |    18 |    51 ||    69
       Tailslap          |     3 |     7 ||    10
 Cast: Magic Dart        |    92 |    83 ||   175
  Use: Potion            |       |     1 ||     1
  Eat: Chunk             |     5 |     6 ||    11
Armor: Skin              |    14 |    12 ||    26
Dodge: Dodged            |    36 |    26 ||    62

Table legend:
 A = Non-vault XP
 B = Vault XP
 C = Vault XP percentage of total XP
 D = Non-vault monster count
 E = Vault monster count
 F = Vault count percentage of total count
                 A         B        C        D         E       F
            +---------+---------+-------+---------+---------+-------
      Total |     277 |     112 |  28.8 |      61 |      19 |  23.8
            +---------+---------+-------+---------+---------+-------
        D:1 |      40 |       3 |   7.0 |      24 |       2 |   7.7
        D:2 |      22 |       2 |   8.3 |       7 |       2 |  22.2
        D:3 |      87 |      72 |  45.3 |      24 |      14 |  36.8
        D:4 |     128 |      35 |  21.5 |       6 |       1 |  14.3
            +---------+---------+-------+---------+---------+-------
